 Dungeon Crawl Stone Soup version 0.22-a0-570-g58866f5 (webtiles) character file.

284 yoda5477 the Gusty (level 6, -1/45 HPs)
             Began as a Draconian Air Elementalist on June 30, 2018.
             Was an Initiate of Vehumet.
             Killed by divine providence
             ... invoked by an orc priest
              (12 damage)
             ... on level 4 of the Dungeon.
             The game lasted 00:43:11 (5242 turns).

yoda5477 the Gusty (Draconian Air Elementalist)     Turns: 5242, Time: 00:43:12

Health: -1/45      AC:  7    Str: 10    XL:     6   Next: 7%
Magic:  3/11       EV: 12    Int: 17    God:    Vehumet [......]
Gold:   91         SH:  0    Dex: 12    Spells: 3/11 levels left

rFire    . . .     SeeInvis .   d - +0 short sword
rCold    . . .     Gourm    .   (no shield)
rNeg     . . .     Faith    .   (armour unavailable)
rPois    .         Spirit   .   t - +0 hat
rElec    .         Reflect  .   (no cloak)
rCorr    .         Harm     .   (no gloves)
MR       .....                  f - +0 pair of boots
Stlth    ++........             (no amulet)
HPRegen  0.15/turn              (no ring)
MPRegen  0.12/turn              (no ring)

@: no status effects
A: unfitting armour, cold-blooded, AC +6
a: Renounce Religion


You were on level 4 of the Dungeon.
You worshipped Vehumet.
Vehumet was noncommittal.
You were hungry.

You visited 2 branches of the dungeon, and saw 5 of its levels.

You collected 91 gold pieces.

Inventory:

Hand Weapons
 d - a +0 short sword (weapon)
 n - a cursed -1 hunting sling
Missiles
 c - 53 stones
 l - 34 poisoned needles (quivered)
 o - 116 sling bullets
 p - 6 curare-tipped needles
 y - 4 needles of paralysis
Armour
 f - a +0 pair of boots (worn)
 j - a +0 troll leather armour
 t - a +0 hat (worn)
Scrolls
 e - 2 scrolls of identify {unknown}
 i - a scroll of amnesia {unknown}
 m - 3 scrolls of magic mapping {unknown}
 r - a scroll of remove curse {unknown}
 s - a scroll of immolation {unknown}
 u - 2 scrolls of teleportation {unknown}
 x - 2 scrolls of blinking {unknown}
Potions
 a - 2 potions of brilliance {unknown}
 g - a potion of mutation {unknown}
 h - a potion of curing {unknown}
 k - 3 potions of heal wounds {unknown}
 q - a potion of degeneration {unknown}
 v - a potion of resistance {unknown}
 w - a potion of cancellation {unknown}
Comestibles
 b - 4 rations


   Skills:
 * Level 0.2 Fighting
 - Level 1.7 Dodging
 - Level 1.7 Stealth
 + Level 3.3 Spellcasting
 * Level 3.0 Conjurations
 - Level 0.1 Charms
 - Level 0.2 Summonings
 + Level 5.1 Air Magic


You had 3 spell levels left.
You knew the following spells:

 Your Spells              Type           Power        Failure   Level  Hunger
a - Shock                 Conj/Air       ###.         3%          1    None
b - Swiftness             Chrm/Air       ##......     9%          2    ##.....
c - Airstrike             Air            ###.......   21%         4    ####...
d - Summon Small Mammal   Summ           #...         16%         1    None

Your spell library contained the following spells:

 Spells                   Type           Power        Failure   Level  Hunger
 Apportation              Tloc           #.....       17%         1    None
 Lightning Bolt           Conj/Air       ###.......   65%         5    ######.
 Animate Skeleton         Necr           N/A          17%         1    None
 Confusing Touch          Hex            #.....       17%         1    None
 Static Discharge         Conj/Air       ###.....     10%         3    ###....


Dungeon Overview and Level Annotations

Branches:
Dungeon (4/15)             Temple (1/1) D:4

Altars:
Dithmenos
Elyvilon
Gozag
Hepliaklqana
Nemelex Xobeh
Okawaru
Qazlal
Ru
Trog
Uskayaw
Vehumet
Yredelemnul

Annotations:
D:2 Terence


Innate Abilities, Weirdness & Mutations

Your plain brown scales are hard. (AC +6)
You cannot fit into any form of body armour.
You are cold-blooded and may be slowed by cold attacks.


Message History

Press: ? - help, Shift-Dir - straight line, f/p - orc priest
Aim: an orc priest, wielding a mace (severely wounded)
The zap misses the orc priest.
The orc priest hits you but does no damage.
Casting: Shock (safe; 3% risk of failure)
Confirm with . or Enter, or press ? or * to list all spells.
Aiming: Shock (safe; 3% risk of failure)
Press: ? - help, Shift-Dir - straight line, f/p - orc priest
Aim: an orc priest, wielding a mace (severely wounded)
The zap misses the orc priest.
Casting: Shock (safe; 3% risk of failure)
Confirm with . or Enter, or press ? or * to list all spells.
Aiming: Shock (safe; 3% risk of failure)
Press: ? - help, Shift-Dir - straight line, f/p - orc priest
Aim: an orc priest, wielding a mace (severely wounded)
The zap hits the orc priest.
The orc priest is almost dead.
The orc priest calls down the wrath of Beogh upon you.
Beogh smites you!
You die...

#.....###............#
#........
##......#............#
#........
#..o...#.......(....###...#....
#......#.......................
##....o#..............#......##
#......#.....##.......#....###.
#............##.....###..###...
#............##o....######_....
###...........@........# ###...
#....................# ###.
####....................# ##
#......###..............#
#......###................
#........+.................
##....####................. ..
#....####........#...### ..
#................#...# #


You could see an orc priest.

Vanquished Creatures
  A howler monkey (D:4)
  An orc priest (D:3)
  A hound (D:4)
  An orc wizard (D:3)
  2 worker ants
  4 adders
  2 dart slugs
  2 leopard geckos
  6 orcs (D:3)
  4 giant cockroaches
  6 goblins
  6 hobgoblins
  9 kobolds
  2 quokkas
  8 bats
  7 frilled lizards
  7 rats
69 creatures vanquished.

Notes
Turn   | Place    | Note
-------+----------+-------------------------------------------
     0 | D:1      | yoda5477 the Draconian Air Elementalist began the quest for the Orb.
     0 | D:1      | Reached XP level 1. HP: 14/14 MP: 3/3
   485 | D:1      | Reached XP level 2. HP: 19/20 MP: 1/5
   724 | D:1      | Learned a level 2 spell: Swiftness
  1178 | D:1      | Reached XP level 3. HP: 26/26 MP: 4/6
  1999 | D:2      | Reached skill level 4 in Air Magic
  2030 | D:2      | Reached XP level 4. HP: 30/33 MP: 0/8
  2236 | D:2      | Noticed Terence
  2597 | D:2      | Learned a level 4 spell: Airstrike
  2634 | D:2      | Found a shadowy altar of Dithmenos.
  2877 | D:3      | Learned a level 1 spell: Summon Small Mammal
  3862 | D:4      | Reached XP level 5. HP: 36/38 MP: 1/9
  3876 | D:4      | Found a staircase to the Ecumenical Temple.
  3906 | Temple   | Entered the Ecumenical Temple
  3914 | Temple   | Became a worshipper of Vehumet
  4491 | D:4      | Found a hazy altar of Hepliaklqana.
  4504 | D:4      | Found a sparkling altar of Nemelex Xobeh.
  4509 | D:4      | Found an opulent altar of Gozag.
  4998 | D:3      | Reached skill level 5 in Air Magic
  5097 | D:3      | Reached XP level 6. HP: 28/45 MP: 3/11
  5242 | D:4      | Killed from afar by an orc priest

Vault maps used:
D:1:      kilobyte_arrival_exit_the_forest
D:2:      grunt_dithmenos_smoke, amethyst_killhole, uniq_terence
D:4:      minmay_overflow_temple_star_quad, minmay_temple_entry_statues_pillars,
          first_ration
Temple:   eino_temple_lava

Skill      XL: |  1  2  3  4  5 |
---------------+----------------+-----
Air Magic      | 4 5 |  5.1
Conjurations   | 2 3 |  3.0
Spellcasting   | 3 |  3.3
Fighting       | |  0.2
Dodging        | |  1.7
Stealth        | |  1.7
Charms         | |  0.1
Summonings     | |  0.2

Action                   |  1- 3 |  4- 6 || total
-------------------------+-------+-------++-------
Melee: Short sword       |    10 |       ||    10
 Cast: Shock             |    74 |    91 ||   165
       Summon Small Mamm |       |     5 ||     5
       Swiftness         |       |     1 ||     1
  Eat: Chunk             |     1 |     3 ||     4
       Ration            |     1 |     2 ||     3
Armor: Skin              |    19 |    13 ||    32
Dodge: Dodged            |    36 |    30 ||    66

Table legend:
 A = Spawn XP
 B = Non-spawn XP
 C = Spawn XP percentage of total XP
 D = Spawn monster count
 E = Non-spawn monster count
 F = Spawn count percentage of total count
 G = Total turns spent on level
                    A         B        C        D         E        F      G
               +---------+---------+-------+---------+---------+-------+---------
         Total |       0 |     406 |   0.0 |       0 |      69 |   0.0 |  5242
               +---------+---------+-------+---------+---------+-------+---------
           D:1 |       0 |      43 |   0.0 |       0 |      25 |   0.0 |  1409
           D:2 |       0 |      85 |   0.0 |       0 |      22 |   0.0 |  1378
           D:3 |       0 |     135 |   0.0 |       0 |      15 |   0.0 |  1789
           D:4 |       0 |     143 |   0.0 |       0 |       7 |   0.0 |   649
               +---------+---------+-------+---------+---------+-------+---------
